 Dungeon Crawl Stone Soup version 0.21.1-1-g345015f (webtiles) character file.

1304 tidbits the Caller (level 8, -4/58 HPs)
             Began as a Gnoll Summoner on June 9, 2018.
             Was a Follower of Cheibriados.
             Slain by a queen bee (18 damage)
             ... on level 8 of the Dungeon.
             The game lasted 00:26:13 (1758 turns).

tidbits the Caller (Gnoll Summoner)                 Turns: 1758, Time: 00:26:13

Health: -4/58      AC:  4    Str: 17    XL:     8   Next: 57%
Magic:  22/26      EV: 16    Int: 22    God:    Cheibriados [*.....]
Gold:   326        SH:  0    Dex: 18    Spells: 5/19 levels left

rFire    . . .     SeeInvis .   a - +2 spear (venom)
rCold    . . .     Gourm    .   (no shield)
rNeg     . . .     Faith    .   B - +0 robe
rPois    +         Spirit   .   E - +0 helmet
rElec    .         Reflect  .   C - +0 cloak
rCorr    .         Harm     .   (no gloves)
MR       .....                  (no boots)
Stlth    +++.......             (no amulet)
HPRegen  0.19/turn              i - ring of magical power
MPRegen  0.20/turn              P - ring of poison resistance

@: mighty, flying, very slow
A: distributed training, fangs 1, strong nose
a: Bend Time, Renounce Religion


You were on level 8 of the Dungeon.
You worshipped Cheibriados.
Cheibriados was aware of your devotion.
You were hungry.

You visited 2 branches of the dungeon, and saw 9 of its levels.
You also visited: Ossuary.

You collected 326 gold pieces.

Inventory:

Hand Weapons
 a - a +2 spear of venom (weapon)
   (You found it on level 1 of the Dungeon)
 d - a +0 dagger of draining
   (You took it off Robin on level 2 of the Dungeon)
 h - a +0 dagger of speed
   (You took it off a goblin on level 2 of the Dungeon)
 p - a +0 halberd
 s - a +0 dagger of venom
   (You took it off an orc wizard on level 5 of the Dungeon)
Missiles
 e - 33 arrows
 m - 4 tomahawks (quivered)
 t - 2 throwing nets {!f}
Armour
 B - a +0 robe (worn)
 C - a +0 cloak (worn)
 E - a +0 helmet (worn)
Jewellery
 i - a ring of magical power (left hand)
   (You found it on level 1 of the Dungeon)
 j - an uncursed ring of protection from cold
   (You found it on level 1 of the Dungeon)
 q - an uncursed ring of fire
   (You found it on level 4 of the Dungeon)
 P - a ring of poison resistance (right hand)
   (You found it on level 2 of the Dungeon)
Wands
 n - a wand of scattershot (3)
 J - a wand of iceblast (8)
Scrolls
 f - a scroll of enchant weapon
 g - a scroll of random uselessness
 o - a scroll of teleportation
 r - a scroll of immolation {unknown}
 u - 2 scrolls of fog
 v - a scroll of fear {unknown}
 y - 3 scrolls of remove curse {unknown}
 H - a scroll of enchant armour {unknown}
 I - a scroll of torment
Potions
 k - 3 potions of haste
 l - a potion of flight
 w - 2 potions of mutation {unknown}
 x - 2 potions of might
 z - a potion of resistance {unknown}
 A - a potion of lignification {unknown}
 D - a potion of cancellation
 F - a potion of magic {unknown}
 G - a potion of curing
Books
 b - a book of Callings

   Spells                             Type                      Level
   a - Summon Small Mammal            Summoning                    1
   b - Call Imp                       Summoning                    2
   c - Call Canine Familiar           Summoning                    3
   d - Summon Guardian Golem          Hexes/Summoning              3
   e - Summon Lightning Spire         Summoning/Air                4
   f - Summon Ice Beast               Ice/Summoning                4
 K - a book of Misfortune
   (You found it on level 7 of the Dungeon)

   Spells                             Type                      Level
   a - Confusing Touch                Hexes                        1
   b - Confuse                        Hexes                        3
   c - Gell's Gravitas                Translocation                3
   d - Petrify                        Transmutation/Earth          4
   e - Metabolic Englaciation         Hexes/Ice                    5
   f - Yara's Violent Unravelling     Hexes/Transmutation          5
Comestibles
 c - 13 rations
 L - a chunk of flesh


   Skills:
 + Level 3.3 Fighting
 + Level 3.3 Short Blades
 + Level 3.3 Long Blades
 + Level 3.3 Axes
 + Level 3.3 Maces & Flails
 + Level 3.3 Polearms
 + Level 3.3 Staves
 + Level 3.3 Slings
 + Level 3.3 Bows
 + Level 3.3 Crossbows
 + Level 3.3 Throwing
 + Level 3.3 Armour
 + Level 5.7 Dodging
 + Level 5.4 Stealth
 + Level 3.3 Shields
 + Level 3.3 Unarmed Combat
 + Level 6.1 Spellcasting
 + Level 2.7 Conjurations
 + Level 2.7 Hexes
 + Level 2.7 Charms
 + Level 7.6 Summonings
 + Level 2.7 Necromancy
 + Level 2.7 Translocations
 + Level 2.7 Transmutations
 + Level 2.7 Fire Magic
 + Level 2.7 Ice Magic
 + Level 2.7 Air Magic
 + Level 2.7 Earth Magic
 + Level 2.7 Poison Magic
 + Level 3.6 Invocations
 + Level 3.3 Evocations


You had 5 spell levels left.
You knew the following spells:

 Your Spells              Type           Power        Failure   Level  Hunger
a - Summon Small Mammal   Summ           ####         1%          1    None
c - Call Canine Familiar  Summ           #####...     1%          3    #......
i - Summon Ice Beast      Ice/Summ       ####....     11%         4    ###....
m - Call Imp              Summ           #####...     1%          2    None
L - Summon Lightning Spi  Summ/Air       ####....     11%         4    ###....


Dungeon Overview and Level Annotations

Branches:
Dungeon (8/15)             Temple (1/1) D:7
   Lair: D:8-11

Altars:
Ashenzari
Cheibriados
Dithmenos
Elyvilon
Fedhas
Gozag
Hepliaklqana
Makhleb
Ru
Sif Muna
Trog
Uskayaw
Vehumet
Xom
Yredelemnul
Zin
The Shining One

Annotations:
D:6 Dowan, Duvessa, Grinder


Innate Abilities, Weirdness & Mutations

Your experience applies equally to all skills.
You have very sharp teeth.
Your uncanny sense of smell can sniff out nearby items.


Message History

Unknown command.
You hit the killer bee but do no damage.
The killer bee is severely wounded.
The killer bee barely misses your lightning spire.
Your lightning spire shoots out a bolt of lightning at the killer bee!
The bolt of electricity hits the killer bee.
The killer bee dies!
Cheibriados thoroughly appreciates the change of pace.
Unknown command.
Throwing (i - inventory. (,) - cycle):
m - 5 tomahawks (quivered)
Press: ? - help, Shift-Dir - straight line, f - killer bee
Aim: a killer bee You throw a tomahawk.
The tomahawk hits the killer bee.
The killer bee is moderately wounded.
The killer bee misses you.
Unknown command.
You hit the killer bee. Your bite misses the killer bee.
The killer bee is heavily wounded.
The killer bee barely misses you.
The killer bee stings your lightning spire.
A killer bee comes into view.
You barely miss the killer bee.
The killer bee is heavily wounded.
The killer bee completely misses you. The killer bee barely misses you.
Your lightning spire shoots out a bolt of lightning at the killer bee!
The bolt of electricity hits the killer bee.
The killer bee dies!
Cheibriados thoroughly appreciates the change of pace.
The queen bee buzzes angrily.
Unknown command.
Wield which item (- for none, * to show all)? (? for menu, Esc to quit)
Your +0 dagger of venom stops dripping with poison.
Your +2 spear of venom begins to drip with poison!
a - a +2 spear of venom (weapon)
The crimson imp blinks!
You hit the killer bee.
The killer bee is poisoned.
Your bite misses the killer bee.
The killer bee is lightly wounded.
The killer bee misses you.
Your lightning spire shoots out a bolt of lightning at the killer bee!
The bolt of electricity misses the killer bee.
The bolt of electricity hits the killer bee.
The killer bee closely misses you.
A killer bee comes into view.
The killer bee buzzes angrily.
You hit the killer bee.
The killer bee looks as sick as possible!
The killer bee is heavily wounded.
The killer bee stings you!
* * * LOW HITPOINT WARNING * * *
The queen bee calls on the killer bee to defend it!
The killer bee goes berserk!
The killer bee moves out of view.
The killer bee stings your lightning spire.
A killer bee comes into view.
The killer bee buzzes angrily.
It was a potion of flight.
You feel very buoyant.
You fly up into the air.
You kill the killer bee!
Cheibriados thoroughly appreciates the change of pace.
The killer bee stings your lightning spire but does no damage.
The killer bee moves out of view.
The killer bee stings your lightning spire.
Your lightning spire is destroyed!
Okay, then.
Casting: Summon Lightning Spire
Confirm with . or Enter, or press ? or * to list all spells.
Aiming: Summon Lightning Spire
Press: ? - help, Dir - move target cursor An electric hum fills the air.
The killer bee buzzes angrily.
The killer bee stings you.
* * * LOW HITPOINT WARNING * * *
The killer bee closely misses you. The killer bee barely misses you.
You feel better. The killer bee barely misses you. The killer bee misses you.
Unknown command.
You barely miss the queen bee. Your bite misses the queen bee.
You hear an angry buzzing noise.
A killer bee comes into view.
Unknown command.
You puncture the queen bee!
The queen bee is moderately wounded.
The killer bee rages.
The queen bee closely misses you.
You hear an angry buzzing noise.
You puncture the queen bee! You bite the queen bee.
The queen bee is heavily wounded.
The killer bee rages.
The queen bee barely misses you.
You hear an angry buzzing noise. 2 killer bees come into view.
You puncture the queen bee!
The queen bee is poisoned.
The queen bee is severely wounded.
You hear an angry buzzing noise.
The queen bee barely misses you.
Unknown command.
You hit the queen bee. Your bite misses the queen bee.
The queen bee is almost dead.
The crimson imp blinks!
The queen bee stings you!!
You die...

### ..# #.# #.# #
# #.# ...#.
#####.#######
#.yyy#8...........
#..§yy@###<######
#..yy### #.# #..<
#.# #... #.# #..
#.# .. #.# .∆ #.#
#.# #.#


You could see a queen bee, 6 killer bees and a friendly lightning spire.

Vanquished Creatures
  A hippogriff (D:8)
  A water moccasin (D:8)
  An ice beast (D:8)
  Blork the orc (D:4)
  A bullfrog (D:6)
  A scorpion (D:7)
  2 killer bees (D:8)
  A crimson imp (D:7)
  A centaur zombie (D:5)
  A bullfrog skeleton (D:7)
  An orc wizard (D:8)
  2 orc priests (D:8)
  An iguana (D:5)
  A centaur skeleton (D:4)
  2 worker ants (D:5)
  4 mummies (Ossuary)
  3 gnolls
  4 adders
  A shadow imp (D:7)
  A white imp (D:8)
  An ooze (D:1)
  A dart slug (D:3)
  A worm (D:3)
  2 orcs
  2 giant cockroaches
  3 jackals (D:7)
  A quokka (D:7)
  2 ball pythons
  4 bats
  2 gnoll skeletons (Ossuary)
  3 goblins
  A goblin skeleton (Ossuary)
  A kobold (D:3)
  An orc skeleton (Ossuary)
  A quokka zombie (D:5)
  2 rats (D:2)
  A rat skeleton (Ossuary)
60 creatures vanquished.

Vanquished Creatures (collateral kills)
  A black bear (D:8)
  A necrophage (D:7)
  A bullfrog (D:6)
  2 killer bees (D:8)
  A centaur zombie (D:7)
  2 crimson imps
  A hound (D:6)
  An orc priest (D:5)
  An iguana (D:5)
  3 orc wizards (D:5)
  A worker ant (D:5)
  A hound zombie (D:8)
  6 mummies (Ossuary)
  Robin (D:2)
  3 gnolls
  An adder (D:8)
  A leopard gecko (D:5)
  6 orcs
  A giant cockroach (D:7)
  9 goblins
  4 jackals
  A quokka (D:5)
  A gnoll skeleton (Ossuary)
  A goblin skeleton (Ossuary)
  A kobold (D:1)
  A kobold skeleton (Ossuary)
  A rat (D:1)
  10 rat skeletons (Ossuary)
64 creatures vanquished.

Grand Total: 124 creatures vanquished

Notes
Turn   | Place    | Note
-------+----------+-------------------------------------------
     0 | D:1      | tidbits the Gnoll Summoner began the quest for the Orb.
     0 | D:1      | Reached XP level 1. HP: 13/13 MP: 6/6
   106 | D:1      | Reached XP level 2. HP: 17/19 MP: 7/7
   110 | D:1      | Learned a level 2 spell: Call Imp
   242 | D:2      | Noticed Robin
   262 | D:2      | Killed Robin
   262 | D:2      | Reached XP level 3. HP: 25/25 MP: 9/9
   263 | D:2      | Reached skill level 5 in Spellcasting
   376 | D:3      | Reached skill level 1 in Invocations
   420 | D:3      | Reached skill level 1 in Fighting
   420 | D:3      | Reached skill level 1 in Short Blades
   420 | D:3      | Reached skill level 1 in Long Blades
   420 | D:3      | Reached skill level 1 in Axes
   420 | D:3      | Reached skill level 1 in Maces & Flails
   420 | D:3      | Reached skill level 1 in Polearms
   420 | D:3      | Reached skill level 1 in Staves
   420 | D:3      | Reached skill level 1 in Slings
   420 | D:3      | Reached skill level 1 in Bows
   420 | D:3      | Reached skill level 1 in Crossbows
   420 | D:3      | Reached skill level 1 in Throwing
   420 | D:3      | Reached skill level 1 in Armour
   420 | D:3      | Reached skill level 1 in Shields
   420 | D:3      | Reached skill level 1 in Unarmed Combat
   420 | D:3      | Reached skill level 1 in Evocations
   428 | D:3      | Learned a level 3 spell: Call Canine Familiar
   475 | D:4      | Reached XP level 4. HP: 17/32 MP: 11/11
   484 | D:4      | Reached skill level 1 in Conjurations
   484 | D:4      | Reached skill level 1 in Hexes
   484 | D:4      | Reached skill level 1 in Charms
   484 | D:4      | Reached skill level 1 in Necromancy
   484 | D:4      | Reached skill level 1 in Translocations
   484 | D:4      | Reached skill level 1 in Transmutations
   484 | D:4      | Reached skill level 1 in Fire Magic
   484 | D:4      | Reached skill level 1 in Ice Magic
   484 | D:4      | Reached skill level 1 in Air Magic
   484 | D:4      | Reached skill level 1 in Earth Magic
   484 | D:4      | Reached skill level 1 in Poison Magic
   512 | D:4      | Noticed Blork the orc
   519 | D:5      | Entered Level 5 of the Dungeon
   519 | D:5      | Found a white marble altar of Elyvilon.
   520 | D:5      | Found a hide-covered altar of Uskayaw.
   528 | D:5      | Learned a level 4 spell: Summon Lightning Spire
   539 | D:4      | Killed Blork the orc
   539 | D:4      | Reached XP level 5. HP: 19/37 MP: 12/12
   555 | D:4      | Learned a level 4 spell: Summon Ice Beast
   605 | D:5      | Reached XP level 6. HP: 33/44 MP: 6/13
   650 | D:6      | Reached skill level 2 in Invocations
   674 | D:6      | Reached skill level 2 in Fighting
   674 | D:6      | Reached skill level 2 in Short Blades
   674 | D:6      | Reached skill level 2 in Long Blades
   674 | D:6      | Reached skill level 2 in Axes
   674 | D:6      | Reached skill level 2 in Maces & Flails
   674 | D:6      | Reached skill level 2 in Polearms
   674 | D:6      | Reached skill level 2 in Staves
   674 | D:6      | Reached skill level 2 in Slings
   674 | D:6      | Reached skill level 2 in Bows
   674 | D:6      | Reached skill level 2 in Crossbows
   674 | D:6      | Reached skill level 2 in Throwing
   674 | D:6      | Reached skill level 2 in Armour
   674 | D:6      | Reached skill level 5 in Dodging
   674 | D:6      | Reached skill level 2 in Shields
   674 | D:6      | Reached skill level 2 in Unarmed Combat
   674 | D:6      | Reached skill level 2 in Evocations
   824 | D:5      | Found a sand-covered staircase.
   833 | Ossuary  | Entered an ossuary
   851 | Ossuary  | Reached XP level 7. HP: 43/50 MP: 15/15
  1151 | D:7      | Reached skill level 2 in Conjurations
  1151 | D:7      | Reached skill level 2 in Hexes
  1151 | D:7      | Reached skill level 2 in Charms
  1151 | D:7      | Reached skill level 2 in Necromancy
  1151 | D:7      | Reached skill level 2 in Translocations
  1151 | D:7      | Reached skill level 2 in Transmutations
  1151 | D:7      | Reached skill level 2 in Fire Magic
  1151 | D:7      | Reached skill level 2 in Ice Magic
  1151 | D:7      | Reached skill level 2 in Air Magic
  1151 | D:7      | Reached skill level 2 in Earth Magic
  1151 | D:7      | Reached skill level 2 in Poison Magic
  1202 | D:6      | Noticed Dowan
  1202 | D:6      | Noticed Grinder
  1202 | D:6      | Noticed Duvessa
  1344 | D:7      | Reached skill level 5 in Stealth
  1436 | D:7      | Found a staircase to the Ecumenical Temple.
  1446 | Temple   | Entered the Ecumenical Temple
  1494 | Temple   | Became a worshipper of Cheibriados the Contemplative
  1565 | D:8      | Reached skill level 3 in Invocations
  1666 | D:8      | Noticed a hippogriff
  1672 | D:8      | Reached XP level 8. HP: 43/56 MP: 16/16
  1679 | D:8      | Killed a hippogriff
  1679 | D:8      | Reached skill level 3 in Fighting
  1679 | D:8      | Reached skill level 3 in Short Blades
  1679 | D:8      | Reached skill level 3 in Long Blades
  1679 | D:8      | Reached skill level 3 in Axes
  1679 | D:8      | Reached skill level 3 in Maces & Flails
  1679 | D:8      | Reached skill level 3 in Polearms
  1679 | D:8      | Reached skill level 3 in Staves
  1679 | D:8      | Reached skill level 3 in Slings
  1679 | D:8      | Reached skill level 3 in Bows
  1679 | D:8      | Reached skill level 3 in Crossbows
  1679 | D:8      | Reached skill level 3 in Throwing
  1679 | D:8      | Reached skill level 3 in Armour
  1679 | D:8      | Reached skill level 3 in Shields
  1679 | D:8      | Reached skill level 3 in Unarmed Combat
  1679 | D:8      | Reached skill level 3 in Evocations
  1688 | D:8      | Reached * piety under Cheibriados
  1688 | D:8      | Reached skill level 6 in Spellcasting
  1724 | D:7      | Found a glowing golden altar of the Shining One.
  1742 | D:8      | Noticed a queen bee
  1758 | D:8      | Slain by a queen bee

Skill      XL: |  1  2  3  4  5  6  7  8 |
---------------+-------------------------+-----
Spellcasting   | 5 6 |  6.1
Invocations    | 1 2 3 |  3.6
Fighting       | 1 2 3 |  3.3
Short Blades   | 1 2 3 |  3.3
Long Blades    | 1 2 3 |  3.3
Axes           | 1 2 3 |  3.3
Maces & Flails | 1 2 3 |  3.3
Polearms       | 1 2 3 |  3.3
Staves         | 1 2 3 |  3.3
Slings         | 1 2 3 |  3.3
Bows           | 1 2 3 |  3.3
Crossbows      | 1 2 3 |  3.3
Throwing       | 1 2 3 |  3.3
Armour         | 1 2 3 |  3.3
Shields        | 1 2 3 |  3.3
Unarmed Combat | 1 2 3 |  3.3
Evocations     | 1 2 3 |  3.3
Conjurations   | 1 2 |  2.7
Hexes          | 1 2 |  2.7
Charms         | 1 2 |  2.7
Necromancy     | 1 2 |  2.7
Translocations | 1 2 |  2.7
Transmutations | 1 2 |  2.7
Fire Magic     | 1 2 |  2.7
Ice Magic      | 1 2 |  2.7
Air Magic      | 1 2 |  2.7
Earth Magic    | 1 2 |  2.7
Poison Magic   | 1 2 |  2.7
Dodging        | 5 |  5.7
Stealth        | 5 |  5.4
Summonings     | |  7.6

Action                   |  1- 3 |  4- 6 |  7- 9 || total
-------------------------+-------+-------+-------++-------
Melee: Spear             |    50 |    30 |    14 ||    94
       Bite              |     7 |     1 |    11 ||    19
       Punch             |     1 |       |     2 ||     3
       Dagger            |       |    10 |    97 ||   107
Throw: Tomahawk          |       |    12 |     7 ||    19
 Cast: Summon Small Mamm |     2 |       |       ||     2
       Call Imp          |    11 |       |       ||    11
       Call Canine Famil |     1 |     2 |       ||     3
       Summon Lightning  |       |     9 |    19 ||    28
       Summon Ice Beast  |       |       |     2 ||     2
Evoke: Wand              |       |       |     1 ||     1
  Use: Potion            |     2 |       |     4 ||     6
       Scroll            |       |       |     7 ||     7
 Stab: Sleeping          |     2 |     3 |     9 ||    14
       Distracted        |       |     1 |     4 ||     5
  Eat: Chunk             |       |     1 |     3 ||     4
       Ration            |       |       |     1 ||     1
Armor: Robe              |    12 |     1 |    15 ||    28
Dodge: Dodged            |    40 |    20 |    76 ||   136

Table legend:
 A = Turns spent in this place as a percentage of turns spent in the entire game.
 B = Non-inter-level travel turns spent in this place as a percentage of non-inter-level travel turns spent in the entire game.
 C = Inter-level travel turns spent in this place as a percentage of turns spent in this place.
 D = Turns resting spent in this place as a percentage of non-inter-level travel turns spent in this place.
 E = Turns spent auto-exploring this place as a percentage of non-inter-level travel turns spent in this place.
 F = Non-inter-level travel turns spent in this place divided by the number of levels of this place that you've seen.
                   A       B       C       D       E      F
               +-------+-------+-------+-------+-------+----------------------
         Total | 100.0 | 100.0 |   0.9 |   0.0 |   0.0 | 174.3
       Dungeon |  86.2 |  86.9 |   0.0 |   0.0 |   0.0 | 189.4
        Temple |   3.7 |   2.9 |  23.1 |   0.0 |   0.0 |  50.0
       Ossuary |  10.1 |  10.2 |   0.0 |   0.0 |   0.0 | 178.0
               +-------+-------+-------+-------+-------+----------------------

Table legend:
 A = Kills in this place as a percentage of kills in entire the game.
 B = Kills by you in this place as a percentage of kills by you in the entire game.
 C = Kills by friends in this place as a percentage of kills by friends in the entire game.
 D = Other kills in this place as a percentage of other kills in the entire game.
 E = Experience gained in this place as a percentage of experience gained in the entire game.
 F = Experience gained in this place divided by the number of levels of this place that you have seen.
                   A       B       C       D       E      F
               +-------+-------+-------+-------+-------+----------------------
         Total | 100.0 | 100.0 | 100.0 |   N/A | 100.0 | 186.4
       Dungeon |  78.0 |  86.4 |  70.3 |   N/A |  92.6 | 215.8
       Ossuary |  22.0 |  13.6 |  29.7 |   N/A |   7.4 | 138.0
               +-------+-------+-------+-------+-------+----------------------

Vault maps used:
D:1:      minmay_arrival_shattered_statue
D:2:      first_ration, nicolae_qazlal_eye_of_the_storm, uniq_robin
D:3:      nemelex_xobeh_ov_fountains_minmay
D:4:      serial_shops, kennysheep_mini, uniq_natasha, uniq_blork_the_orc
D:5:      grunt_temple_overflow_open, chequers_ossuary_entry_cave
D:6:      minivault_14, kennysheep_decorative_pillar, grunt_ministairs_15,
          nemelex_spade_bored_becter, uniq_edmund, uniq_duvessa, uniq_grinder,
          uniq_pikel
D:7:      nicolae_overflow_hidden_temple, minmay_temple_entry_butterflies,
          minivault_26
D:8:      marbit_many_paths, david_nohive_1, minmay_fire_ice_demons, uniq_grum
Temple:   eino_temple_water
Ossuary:  ossuary_due_small_catacomb
